 Dungeon Crawl Stone Soup version 0.31.0-11-ge490571c62 (webtiles) character file.

Game seed: 10710537490978362556

608 qw the Skirmisher (level 7, -2/40 HPs)
             Began as a Deep Elf Hunter on Feb 4, 2024.
             Incinerated by a bombardier beetle (4 damage)
             ... with a burning spray
             ... on level 5 of the Dungeon.
             The game lasted 00:00:16 (3784 turns).

qw the Skirmisher (Deep Elf Hunter)                 Turns: 3784, Time: 00:00:17

Health: -2/40      AC:  5    Str: 10    XL:     7   Next: 19%
Magic:  9/9        EV: 26    Int: 14    God:
Gold:   160        SH:  0    Dex: 18    Spells: 6/6 levels left

rFire   . . .        a - +1 shortbow
rCold   . . .        (shield currently unavailable)
rNeg    . . .        f - +0 ring mail
rPois   .            (no helmet)
rElec   .            (no cloak)
rCorr   +            (no gloves)
SInv    .            (no boots)
Will    .....        d - amulet of the acrobat
Stlth   +            i - ring of resist corrosion
HPRegen 0.26/turn    (no ring)
MPRegen 0.11/turn

%: acrobat
@: on fire, acrobatic, glowing
A: no striking features
a: no special abilities


You were on level 5 of the Dungeon.
You visited 1 branch of the dungeon, and saw 5 of its levels.

You collected 160 gold pieces.


   Skills:
 - Level 2.0 Fighting
 + Level 11.1 Ranged Weapons
 - Level 3.0 Dodging
 - Level 1.2 Stealth


You had 6 spell levels left.
You didn't know any spells.
Your spell library was empty.

Inventory:

Hand Weapons
 a - a +1 shortbow (weapon)
Armour
 f - a +0 ring mail (worn)
Jewellery
 d - an amulet of the acrobat (around neck)
 i - a ring of resist corrosion (left hand)
Wands
 b - a wand of flame (11)
 c - a wand of charming (6)
Potions
 e - a potion of might {unknown}
 h - a potion of curing
 l - a potion of haste {unknown}

Dungeon Overview and Level Annotations

Branches:
Dungeon (5/15)
 Temple: D:4-7

Altars:
Xom
Zin


Message History

The burning spray hits you.
You are covered in liquid fire!
You shoot an arrow.
The arrow hits the bombardier beetle but does no damage.
The bombardier beetle is almost dead.
The liquid fire burns you!
You shoot an arrow.
The arrow hits the bombardier beetle but does no damage.
The bombardier beetle is almost dead.
The liquid fire burns you!
The bombardier beetle bites you but does no damage.
You shoot an arrow.
The arrow hits the bombardier beetle but does no damage.
The bombardier beetle is almost dead.
The liquid fire burns you!
You shoot an arrow.
The arrow barely misses the bombardier beetle.
The liquid fire burns you!
The bombardier beetle bites you but does no damage.
You shoot an arrow.
The arrow hits the bombardier beetle but does no damage.
The bombardier beetle is almost dead.
The liquid fire burns you!
The bombardier beetle closely misses you.
You shoot an arrow. The arrow hits the bombardier beetle.
The bombardier beetle is almost dead.
The liquid fire burns you!
You shoot an arrow. The arrow hits the bombardier beetle.
You kill the bombardier beetle!
The liquid fire burns you!
Your Ranged Weapons skill increases to level 11!
You are on fire!
The liquid fire burns you!
You are on fire!
The liquid fire burns you!
You are on fire!
The liquid fire burns you!
You are on fire!
The liquid fire burns you!
You die...

#
#########.#
$.....%@..#
#.#####.#.#
... # ...##
#.... #.###
.. .##


There were no monsters in sight!

Vanquished Creatures
  A scorpion (D:4)
  2 bombardier beetles
  A jelly (D:4)
  An orc priest (D:4)
  4 hounds
  Ijyb (D:4)
  A sleepcap (D:3)
  Natasha (thrice) (D:3)
  An orc wizard (D:4)
  4 gnolls (D:4)
  2 adders
  A dart slug (D:3)
  2 ribbon worms (D:2)
  5 orcs
  7 ball pythons
  3 endoplasms
  4 giant cockroaches
  6 hobgoblins
  7 jackals
  5 kobolds
  4 quokkas
  3 bats (D:1)
  11 frilled lizards
  7 goblins
  8 rats
94 creatures vanquished.

Notes
Turn   | Place    | Note
-------+----------+-------------------------------------------
     0 | D:1      | qw the Deep Elf Hunter began the quest for the Orb.
     0 | D:1      | Reached XP level 1. HP: 12/12 MP: 3/3
     0 | D:1      | 0 ||| qw: Version: 0.3-a-160-g6735b56
     0 | D:1      | 0 ||| qw: Game counter: 4887
     0 | D:1      | 0 ||| qw: Melee chars always use a shield: true
     0 | D:1      | 0 ||| qw: God list: Okawaru
     0 | D:1      | 0 ||| qw: Allow faded altars: false
     0 | D:1      | 0 ||| qw: Do Orc after clearing Dungeon:15 true
     0 | D:1      | 0 ||| qw: Do second Lair branch before Depths: true
     0 | D:1      | 0 ||| qw: Lair rune preference: random
     0 | D:1      | 0 ||| qw: Goals: Normal
     0 | D:1      | 0 ||| PLANNING D:1-11
   191 | D:1      | Reached XP level 2. HP: 16/16 MP: 4/4
   259 | D:1      | Reached skill level 6 in Ranged Weapons
   328 | D:1      | Found a faded altar of an unknown god.
   918 | D:1      | 918 ||| UPGRADING to +0 ring mail.
   928 | D:1      | 928 ||| DROPPING +0 leather armour.
   929 | D:1      | 929 ||| READING 2 scrolls labelled QEHAITSIOKLO.
   929 | D:1      | 929 ||| IDENTIFYING smoky brown potion
   930 | D:1      | 930 ||| READING scroll of identify.
   930 | D:1      | 930 ||| IDENTIFYING puce potion
   931 | D:1      | 931 ||| READING scroll labelled NUMNYI FEYW.
   934 | D:1      | 934 ||| DROPPING scroll of butterflies.
   935 | D:1      | 935 ||| DROPPING potion of brilliance.
   972 | D:2      | 972 ||| STAIRDANCE
   989 | D:2      | 989 ||| STAIRDANCE
  1006 | D:2      | Reached XP level 3. HP: 20/20 MP: 5/5
  1222 | D:2      | Reached skill level 7 in Ranged Weapons
  1905 | D:2      | Reached XP level 4. HP: 25/25 MP: 6/6
  2018 | D:2      | 2018 ||| UPGRADING to amulet of the acrobat.
  2023 | D:2      | 2023 ||| UPGRADING to ring of resist corrosion.
  2024 | D:2      | 2024 ||| READING 2 scrolls of identify.
  2024 | D:2      | 2024 ||| IDENTIFYING fuming yellow potion
  2025 | D:2      | 2025 ||| READING scroll of identify.
  2025 | D:2      | 2025 ||| IDENTIFYING cyan potion
  2026 | D:2      | 2026 ||| READING scroll labelled NUFEGO CIYGY.
  2026 | D:2      | 2026 ||| ENCHANTING +0 shortbow.
  2027 | D:2      | 2027 ||| READING 2 scrolls labelled HOKKEWONNA.
  2028 | D:2      | 2028 ||| DROPPING scroll of noise.
  2029 | D:2      | 2029 ||| DROPPING potion of ambrosia.
  2030 | D:2      | 2030 ||| DROPPING potion of lignification.
  2234 | D:3      | Reached skill level 8 in Ranged Weapons
  2246 | D:3      | Found a glowing silver altar of Zin.
  2303 | D:3      | Found a shimmering altar of Xom.
  2305 | D:3      | Noticed Natasha
  2310 | D:3      | Killed Natasha
  2311 | D:3      | Reached XP level 5. HP: 29/29 MP: 7/7
  2506 | D:3      | Reached skill level 9 in Ranged Weapons
  2626 | D:3      | Noticed Natasha
  2629 | D:3      | Killed Natasha
  2682 | D:3      | Noticed Natasha
  2688 | D:3      | Killed Natasha
  2748 | D:3      | 2748 ||| DROPPING amulet of magic regeneration.
  2749 | D:3      | 2749 ||| READING scroll labelled POQUYL JERCH.
  2750 | D:3      | 2750 ||| READING scroll labelled UPULEA BEGA.
  2751 | D:3      | 2751 ||| READING scroll labelled PUDGHU YSHRIST.
  2753 | D:3      | 2753 ||| Stepping ~*~*~tactically~*~*~ (cloud).
  2920 | D:4      | Reached XP level 6. HP: 29/35 MP: 8/8
  2966 | D:4      | Noticed Ijyb
  2976 | D:4      | HP: 8/35 [Ijyb/+0 dagger (2)]
  2977 | D:4      | 2977 ||| READING scroll of teleportation.
  3137 | D:4      | HP: 6/35 [orc/+0 hand axe (5)]
  3140 | D:4      | Reached skill level 10 in Ranged Weapons
  3264 | D:4      | Reached skill level 3 in Dodging
  3272 | D:4      | Killed Ijyb
  3431 | D:4      | Reached XP level 7. HP: 40/40 MP: 9/9
  3763 | D:5      | Entered Level 5 of the Dungeon
  3781 | D:5      | Reached skill level 11 in Ranged Weapons
  3781 | D:5      | HP: 10/40 [burnt (4)]
  3783 | D:5      | HP: 2/40 [burnt (4)]
  3784 | D:5      | Incinerated by a bombardier beetle

Levels and vault maps discovered:
D:1:      shiori_arrival_oz, layout_basic, ebering_ecumenical_altar_petrified,
          minmay_lizard_king
D:2:      layout_basic, bh_walls_and_bars
D:3:      layout_basic, zin_academy, mainiacjoe_overflow_brackets, uniq_natasha
D:4:      layout_basic, serial_curves, eino_curves_04, eino_curves_03,
          eino_curves_03, eino_curves_04, minmay_misc_feat_pillars,
          dreamdust_gnoll_farm, uniq_ijyb
D:5:      layout_basic, nicolae_dithmenos_through_a_glass_darkly,
          serial_bayou_pond_e, minmay_joined_circles

Skill      XL: |  1  2  3  4  5  6  7 |
---------------+----------------------+-----
Ranged Weapons | 6 7 8 9 10 11 | 11.1
Fighting       | 2 |  2.0
Dodging        | 3 |  3.0
Stealth        | |  1.2

Action                     |  1- 3 |  4- 6 |  7- 9 || total
---------------------------+-------+-------+-------++-------
   Fire: Shortbow          |   156 |   136 |    34 ||   326
    Use: Scroll            |     3 |     8 |       ||    11
 Armour: Leather armour    |     8 |       |       ||     8
         Ring mail         |    39 |    25 |     4 ||    68
  Dodge: Dodged            |    55 |    27 |     5 ||    87

Table legend:
 A = Non-vault XP
 B = Vault XP
 C = Vault XP percentage of total XP
 D = Non-vault monster count
 E = Vault monster count
 F = Vault count percentage of total count
                 A         B        C        D         E       F
            +---------+---------+-------+---------+---------+-------
      Total |     645 |     224 |  25.8 |      76 |      18 |  19.1
            +---------+---------+-------+---------+---------+-------
        D:1 |      27 |      12 |  30.8 |      17 |      10 |  37.0
        D:2 |      58 |       0 |   0.0 |      24 |       0 |   0.0
        D:3 |     234 |      35 |  13.0 |      18 |       1 |   5.3
        D:4 |     272 |     177 |  39.4 |      16 |       7 |  30.4
        D:5 |      54 |       0 |   0.0 |       1 |       0 |   0.0
            +---------+---------+-------+---------+---------+-------
